 Dungeon Crawl Stone Soup version 0.30-a0-883-g5ad918d77d (webtiles) character file.

Game seed: 12655671724959685975

3686 Pimp the Covert (level 10, -7/74 HPs)
             Began as a Formicid Wanderer on Mar 16, 2023.
             Was a Priest of Okawaru.
             Mangled by a very large slime creature (41 damage)
             ... on level 8 of the Dungeon.
             The game lasted 00:14:04 (6971 turns).

Pimp the Covert (Formicid Wanderer)                 Turns: 6971, Time: 00:14:05

Health: -7/74      AC: -4    Str: 18    XL:     10   Next: 35%
Magic:  16/16      EV:  8    Int: 15    God:    Okawaru [***...]
Gold:   536        SH:  0    Dex: 13    Spells: 13/17 levels left

rFire   . . .      SeeInvis +    g - +7 captain's cutlass {speed, disarm}
rCold   . . .      Faith    .    (no shield)
rNeg    . . .      Spirit   .    r - +0 chain mail
rPois   .          Reflect  .    (helmet unavailable)
rElec   .          Rampage  .    (no cloak)
rCorr   .                        h - +0 pair of gloves
Will    +....                    (no boots)
Stlth   +                        (no amulet)
HPRegen 0.32/turn                p - ring of wizardry
MPRegen 0.15/turn                (no ring)

@: corroded
A: permanent stasis, dig shafts and tunnels, antennae 3, four strong arms
a: Dig, Shaft Self, Renounce Religion, Heroism


You were on level 8 of the Dungeon.
You worshipped Okawaru.
Okawaru was most pleased with you.
You visited 1 branch of the dungeon, and saw 8 of its levels.

You collected 536 gold pieces.

Inventory:

Hand Weapons
 a - a +3 falchion
 c - a +0 dagger
 g - the +7 captain's cutlass (weapon) {speed, disarm}
   (You acquired it on level 1 of the Dungeon)
 y - a +0 scimitar of flaming
Missiles
 b - 11 poisoned darts (quivered)
 q - 2 throwing nets
 z - a curare-tipped dart
Armour
 e - a +0 leather armour
 h - a +0 pair of gloves (worn)
 m - a +0 scale mail
 r - a +0 chain mail (worn)
Jewellery
 p - a ring of wizardry (left hand)
 v - an amulet of magic regeneration
Wands
 j - a wand of iceblast (20)
 k - a wand of flame (14)
Scrolls
 o - a scroll of torment {unknown}
 s - a scroll of summoning {unknown}
 t - 7 scrolls of magic mapping {unknown}
 u - 2 scrolls of identify
 w - a scroll of silence {unknown}
 x - a scroll of teleportation {unknown}
Potions
 d - 2 potions of lignification
 f - 3 potions of degeneration
 i - 2 potions of curing
 l - a potion of flight
 n - a potion of heal wounds


   Skills:
 + Level 5.2 Fighting
 * Level 6.2(6.5) Short Blades
 - Level 3.0(5.0) Long Blades
 + Level 4.5 Throwing
 + Level 4.9 Armour
 + Level 3.8 Dodging
 * Level 8.2 Stealth
 + Level 4.4 Spellcasting
 + Level 6.4 Poison Magic


You had 13 spell levels left.
You knew the following spells:

 Your Spells              Type           Power      Damage    Failure   Level
a - Sting                 Tmut/Pois      52%        1d5       21%         1
b - Spider Form           Tmut/Pois      13%        N/A       52%         3

Your spell library contained the following spells:

 Spells                   Type           Power      Damage    Failure   Level
 Poisonous Vapours        Pois/Air       26%        N/A       32%         2
 Slow                     Hex            12%        N/A       58%         1
 Lesser Beckoning         Tloc           6%         N/A       73%         2
 Confusing Touch          Hex            3%         N/A       91%         3
 Gell's Gravitas          Tloc           3%         N/A       91%         3
 Inner Flame              Hex/Fire       3%         N/A       91%         3
 Portal Projectile        Hex/Tloc       6%         N/A       91%         3
 Teleport Other           Tloc           3%         N/A       91%         3
 Vampiric Draining        Necr           3%         2d6       91%         3
 Alistair's Intoxication  Tmut/Pois      8%         N/A       99%         5
 Cause Fear               Hex            1%         N/A       100%        4
 Leda's Liquefaction      Hex/Erth       1%         N/A       100%        4
 Sticky Flame             Conj/Fire      3%         2d3       100%        4
 Orb of Destruction       Conj           1%         9d5       100%        7
 Discord                  Hex            1%         N/A       100%        8
 Call Canine Familiar     Summ           Unusable   N/A       N/A         3
 Summon Guardian Golem    Hex/Summ       Unusable   N/A       N/A         3
 Spellforged Servitor     Conj/Summ      Unusable   N/A       N/A         7

Dungeon Overview and Level Annotations

Branches:
Dungeon (8/15)             Temple (0/1) D:6
   Lair: D:8-11

Altars:
Makhleb
Okawaru
Trog
Wu Jian
Yredelemnul

Shops:
D:6 *


Innate Abilities, Weirdness & Mutations

You cannot be hasted, slowed, berserked, paralysed or teleported.
You can dig through walls and to a lower floor.
You have a pair of large antennae on your head. (SInv)
Your four strong arms can wield two-handed weapons with a shield.


Message History

You puncture the jelly! The acid corrodes you!
Your hands burn!
The jelly is severely wounded.
The jelly completely misses you.
You hit the jelly.
Your hands burn!
The jelly is almost dead.
The jelly hits you but does no damage.
The slime creature quivers.
You hit the jelly.
You kill the jelly!
Okawaru accepts your kill.
A jelly is nearby!
You hit the jelly. The acid corrodes you!
Your hands burn!
The jelly is lightly wounded.
The jelly hits you but does no damage.
You hit the jelly.
Your hands burn!
The jelly is heavily wounded.
You hit the jelly.
Your hands burn!
The jelly is severely wounded.
The jelly hits you. The acid corrodes you!
You are splashed with acid!
You hit the jelly but do no damage.
Your hands burn!
The jelly is severely wounded.
The jelly hits you. The acid corrodes you!
You are splashed with acid.
You completely miss the jelly.
The jelly is severely wounded.
You puncture the jelly!
You kill the jelly!
Okawaru accepts your kill.
There is an open door here.
A large slime creature is nearby!
The large slime creature attacks as you move away!
The large slime creature hits you!
There is an open door here.
The large slime creature hits you!!
* * * LOW HITPOINT WARNING * * *
Two slime creatures merge to form a very large slime creature.
You feel better.
You feel much better.
The very large slime creature hits you!!!
Ouch! That really hurt!
You die...

.#.#.#.#.# #.#####
#.#.#.#.## #.....##
.#.#.#.#.#
###.##..#######
#.#.#.#.##
#...))#...#...#
.#.#.#.#.#
##'')####.#...#
########## ##...##
#.#...####
##...).###.#......#
#.......##.#..[##.# ##
#....@..##.###.##.# #.
#....J..##.###.##.# #.
#.......##..##....###.
####....###.##..#.....
##..'....#
#.##.....###
#.######## #.###.#..#
##.J.JJ.## #.# #.#..#
# #######'#
#.###.#<.###
÷.....÷..##.....#.#...


You could see a very large slime creature.

Vanquished Creatures
  Erica (D:8)
  Eustachio (D:5)
  3 ice beasts
  2 black bears
  2 ogres
  4 centaurs
  2 phantoms
  2 bullfrogs
  A kobold brigand (D:8)
  3 scorpions
  5 wights (D:7)
  3 howler monkeys (D:8)
  2 hounds
  8 jellies
  A centaur skeleton (D:4)
  5 orc priests
  A gnoll bouda (D:6)
  6 iguanas
  6 orc wizards
  A scorpion zombie (D:4)
  A hound zombie (D:4)
  2 hound skeletons (D:4)
  4 adders
  8 gnolls
  A shadow imp (D:6)
  2 white imps (D:8)
  An ufetubus (D:5)
  3 adder zombies (D:4)
  An adder skeleton (D:4)
  3 worms
  5 dart slugs
  32 orcs
  4 bats
  5 endoplasms
  A giant cockroach (D:4)
  8 goblins
  4 hobgoblins
  11 kobolds
  3 quokkas
  7 ball pythons
  2 frilled lizards
  4 rats
171 creatures vanquished.

Vanquished Creatures (others)
  7 fungi (D:8)
  7 toadstools (D:8)
  A withered plant (D:4)
15 creatures vanquished.

Grand Total: 186 creatures vanquished

Notes
Turn   | Place    | Note
-------+----------+-------------------------------------------
     0 | D:1      | Pimp the Formicid Wanderer began the quest for the Orb.
     0 | D:1      | Pimp set off with the following items: a +2 falchion, 9
                  | poisoned darts, a +0 dagger, a potion of lignification, a
                  | +0 leather armour; and the following spell memorised:
                  | Sting; and the following spells available to memorise:
                  | Spider Form.
     0 | D:1      | Reached XP level 1. HP: 16/16 MP: 2/2
    26 | D:1      | Found a faded altar of an unknown god.
   212 | D:1      | Identified a scroll of acquirement
   212 | D:1      | Acquired the +7 captain's cutlass {speed, disarm}
   212 | D:1      | Found the +7 captain's cutlass {speed, disarm}
   228 | D:1      | Reached XP level 2. HP: 21/22 MP: 3/3
   759 | D:2      | Reached XP level 3. HP: 22/28 MP: 4/4
   764 | D:2      | Reached skill level 1 in Stealth
  1499 | D:3      | Reached skill level 1 in Short Blades
  1499 | D:3      | Reached XP level 4. HP: 24/34 MP: 6/6
  1501 | D:3      | Reached skill level 2 in Stealth
  1671 | D:3      | Reached XP level 5. HP: 23/39 MP: 7/7
  1672 | D:3      | Reached skill level 1 in Dodging
  2173 | D:4      | Reached XP level 6. HP: 44/46 MP: 9/9
  2239 | D:4      | Reached skill level 3 in Stealth
  2268 | D:4      | Noticed a black bear
  2286 | D:4      | Killed a black bear
  2406 | D:4      | Identified the +5 ring mail "Voihim" {-Tele MP-9 Str+3
                  | Dex+8}
  2458 | D:4      | Reached XP level 7. HP: 43/52 MP: 10/10
  2682 | D:4      | Reached skill level 4 in Stealth
  2939 | D:4      | Learned a level 3 spell: Spider Form
  3101 | D:5      | Entered Level 5 of the Dungeon
  3114 | D:5      | Noticed Eustachio
  3125 | D:5      | Killed Eustachio
  3126 | D:5      | Reached XP level 8. HP: 35/58 MP: 10/12
  3317 | D:5      | Reached skill level 5 in Stealth
  3517 | D:5      | Found a basalt altar of Yredelemnul.
  3535 | D:5      | Found a bloodstained altar of Trog.
  3957 | D:5      | Found a burning altar of Makhleb.
  4084 | D:5      | Reached skill level 5 in Poison Magic
  4084 | D:5      | Reached XP level 9. HP: 65/65 MP: 13/13
  4142 | D:6      | Found an iron altar of Okawaru.
  4146 | D:6      | Identified the +2 dagger of Hiqo {drain, rElec rCorr}
  4150 | D:6      | Became a worshipper of Warmaster Okawaru
  4174 | D:6      | Found a staircase to the Ecumenical Temple.
  4277 | D:6      | Reached skill level 6 in Stealth
  4903 | D:6      | Found Conuix's Commerce Corner.
  5205 | D:7      | Reached skill level 5 in Short Blades
  5415 | D:7      | Reached * piety under Okawaru
  5459 | D:7      | Reached skill level 7 in Stealth
  5880 | D:8      | Found Afaujod's Assorted Antiques.
  6150 | D:8      | Noticed Erica
  6174 | D:8      | Killed Erica
  6174 | D:8      | Reached ** piety under Okawaru
  6175 | D:8      | Reached skill level 5 in Fighting
  6175 | D:8      | Reached XP level 10. HP: 37/74 MP: 16/16
  6183 | D:8      | Reached skill level 8 in Stealth
  6620 | D:8      | Got Sif Muna's Codex of Effluvium and Arson
  6661 | D:8      | Found an ornate altar of the Wu Jian Council.
  6819 | D:8      | Reached *** piety under Okawaru
  6967 | D:8      | HP: 1/74 [large slime creature (29)]
  6971 | D:8      | Mangled by a very large slime creature

Illustrated notes

Levels and vault maps discovered:
D:1:      doesnt_arrival_eight_statues, layout_rooms, basic_ecumenical_altar
D:2:      layout_loops_ring, st_stairs_14, grunt_ministairs_14
D:3:      layout_basic
D:4:      minmay_inner_zag, layout_cave_pools, serial_undead, serial_undead_d,
          serial_undead_e, serial_undead_d, serial_undead_a, serial_undead_c
D:5:      layout_basic, mainiacjoe_overflow_catwalk,
          mainiacjoe_overflow_brackets, bloody_makhleb, uniq_eustachio
D:6:      layout_basic, mainiacjoe_overflow_paths, minmay_temple_entry_grid,
          nicolae_alphabet_shops
D:7:      layout_rooms
D:8:      cheibrodos_fertilizer, layout_basic, pdpol_wu_jian_five_deadly_venoms,
          serial_shops, nicolae_stop_n_shop_1, uniq_erica

Skill      XL: |  1  2  3  4  5  6  7  8  9 10 |
---------------+-------------------------------+-----
Stealth        | 1 2 3 4 5 7 8 |  8.2
Poison Magic   | 3 4 5 6 |  6.4
Short Blades   | 1 2 3 4 5 6 |  6.2
Dodging        | 1 2 3 |  3.8
Armour         | 2 3 4 |  4.9
Spellcasting   | 2 3 4 |  4.4
Throwing       | 2 3 4 |  4.5
Fighting       | 3 4 5 |  5.2
Long Blades    | |  3.0

Action                     |  1- 3 |  4- 6 |  7- 9 | 10-12 || total
---------------------------+-------+-------+-------+-------++-------
  Melee: Falchion          |     9 |       |       |       ||     9
         Cutlass           |    59 |   100 |   358 |    55 ||   572
         Punch             |       |     1 |     4 |     1 ||     6
    Use: Scroll            |     6 |     1 |     1 |       ||     8
         Potion            |     1 |     3 |     1 |     2 ||     7
   Stab: Sleeping          |       |       |     2 |       ||     2
 Armour: Leather armour    |    20 |       |       |       ||    20
         Scale mail        |     1 |    51 |    49 |       ||   101
         Chain mail        |       |       |    88 |    17 ||   105
  Dodge: Dodged            |    41 |    51 |   126 |    12 ||   230

Table legend: (Time is in decaauts)
 A = Elapsed time spent in this place.
 B = Non-inter-level travel time spent in this place.
 C = Inter-level travel time spent in this place.
 D = Time resting spent in this place.
 E = Time spent auto-exploring this place.
 F = Levels seen in this place.
 G = Mean time per level.
                   A        B        C        D        E       F      G
               +--------+--------+--------+--------+--------+-----+--------+
         Total |   6780 |   6630 |    150 |   1501 |   3872 |   8 |  847.5 |
       Dungeon |   6780 |   6630 |    150 |   1501 |   3872 |   8 |  847.5 |
               +--------+--------+--------+--------+--------+-----+--------+

Top non-repeatable levels by time:
     D:5: 996 daAuts
     D:6: 965 daAuts
     D:8: 955 daAuts
     D:4: 938 daAuts
     D:2: 915 daAuts
     D:7: 829 daAuts
     D:3: 760 daAuts
     D:1: 418 daAuts
